 Dungeon Crawl Stone Soup version 0.30.0-29-ga12c61a403 (webtiles) character file.

Game seed: 164356656121248464

508 rddays123 the Caller (level 6, -1/27 HPs)
             Began as a Felid Summoner on June 17, 2023.
             Killed from afar by Ijyb (17 damage)
             ... with an iceblast
             ... on level 5 of the Dungeon.
             The game lasted 00:39:13 (4176 turns).

rddays123 the Caller (Felid Summoner)               Turns: 4176, Time: 00:39:14

Health: -1/27      AC:  2    Str:  4    XL:     6   Next: 98%
Magic:  12/12      EV: 19    Int: 19    God:
Gold:   271        SH:  0    Dex: 16    Spells: 3/12 levels left
                                        Lives:  0   Deaths: 1

rFire   . . .        (weapon unavailable)
rCold   . . .        (shield unavailable)
rNeg    + . .        (body armour unavailable)
rPois   .            (helmet unavailable)
rElec   .            (cloak unavailable)
rCorr   .            (gloves unavailable)
SInv    +            (boots unavailable)
Will    .....        e - amulet of magic regeneration
Stlth   +++          p - ring of positive energy
HPRegen 0.24/turn    v - ring of wizardry
MPRegen 0.53/turn

%: wizardry (x1)
@: quick
A: very small, claws 1, fangs 3, see invisible, speed 1, shaggy fur 2, stealthy
paws, no weapons or thrown items, no armour, multi-lived
a: no special abilities


You were on level 5 of the Dungeon.
You visited 1 branch of the dungeon, and saw 5 of its levels.
You also visited: Sewer.

You collected 304 gold pieces.
You spent 33 gold pieces at shops.

Inventory:

Jewellery
 e - an amulet of magic regeneration (around neck)
 p - a ring of positive energy (left paw)
 s - a ring of protection from fire
 v - a ring of wizardry (right paw)
Wands
 r - a wand of acid (10)
 x - a wand of iceblast (8)
Scrolls
 b - a scroll of butterflies {unknown}
 j - a scroll of enchant weapon
 k - 2 scrolls of noise
 l - a scroll of blinking {unknown}
 m - 3 scrolls of teleportation
 o - a scroll of magic mapping {unknown}
 q - a scroll of silence {unknown}
 y - a scroll of fog {unknown}
Potions
 a - a potion of magic
 c - 3 potions of mutation
 d - a potion of brilliance {unknown}
 f - a potion of might {unknown}
 g - a potion of invisibility {unknown}
 h - 2 potions of curing {unknown}
 i - 2 potions of heal wounds {unknown}
 n - 2 potions of haste
 t - a potion of ambrosia {unknown}
 u - a potion of cancellation {unknown}
 w - a potion of attraction {unknown}


   Skills:
 + Level 2.5 Fighting
 + Level 5.2 Dodging
 - Level 3.8 Stealth
 + Level 3.8 Spellcasting
 + Level 3.8 Hexes
 + Level 5.4 Summonings


You had 3 spell levels left.
You knew the following spells:

 Your Spells              Type           Power      Damage    Failure   Level
a - Summon Small Mammal   Summ           96%        N/A       1%          1
b - Call Imp              Summ           48%        N/A       1%          2
c - Call Canine Familiar  Summ           24%        N/A       1%          3
d - Summon Guardian Gole  Hex/Summ       21%        N/A       2%          3

Your spell library contained the following spells:

 Spells                   Type           Power      Damage    Failure   Level
 Poisonous Vapours        Pois/Air       6%         N/A       9%          2
 Mephitic Cloud           Conj/Pois/Air  3%         N/A       16%         3
 Stone Arrow              Conj/Erth      6%         3d7       16%         3
 Summon Lightning Spire   Summ/Air       14%        N/A       17%         4
 Freezing Cloud           Conj/Ice/Air   1%         6-21      80%         5
 Lehudib's Crystal Spear  Conj/Erth      1%         10d2      100%        8
 Animate Armour           Summ/Erth      Unusable   N/A       N/A         4

Dungeon Overview and Level Annotations

Branches:
Dungeon (5/15)              Sewer (visited)
 Temple: D:4-7

Altars:
The Shining One

Shops:
D:3 :=*(*

Annotations:
D:2 1 runed translucent door, Crazy Yiuf
D:4 Duvessa
D:5 Ijyb


Innate Abilities, Weirdness & Mutations

You have sharp claws.
You have razor-sharp teeth.
You have supernaturally acute eyesight. (SInv)
You cover ground quickly. (Speed+)
You are covered in thick fur. (AC +2)
Your paws help you pounce on unaware monsters.
You are incapable of wielding weapons or throwing items.
You cannot wear armour.
You gain extra lives every three experience levels.


Message History

Ijyb shouts!
Ijyb hits your hound with a +1 spectral club.
Your hound bites Ijyb.
You swap places.
Something hits your hound.
Your cerulean imp hits Ijyb with a -2 spear.
Your hound bites Ijyb.
Ijyb grins evilly.
Ijyb barely misses your cerulean imp.
Your hound bites Ijyb but does no damage.
Your cerulean imp hits Ijyb but does no damage.
Your hound closely misses Ijyb.
Ijyb hits your cerulean imp with a +1 spectral club.
Your cerulean imp hits Ijyb with a -2 spear.
Your hound misses Ijyb.
Ijyb zaps a wand.
The mass of ice explodes!
The iceblast engulfs your cerulean imp! The iceblast engulfs you!
The iceblast engulfs your hound.
Your hound dies!
Your hound's corpse disappears in a puff of smoke!
The iceblast engulfs Ijyb!
Your cerulean imp hits Ijyb but does no damage.
You hear a shout! x2
You hear a shout!
Ijyb hits your cerulean imp with a +1 spectral club.
Your cerulean imp dies!
Your cerulean imp disappears in a puff of smoke!
Casting: Call Canine Familiar (safe; 1% risk of failure)
Confirm with . or Enter, or press ? or * to list all spells.
Ijyb shouts!
Ijyb hits your hound with a +1 spectral club!
The +1 spectral club completely misses your hound.
A +1 spectral club comes into view.
Ijyb hits your hound with a +1 spectral club.
The +1 spectral club hits your hound!
Your hound dies!
Your hound's corpse disappears in a puff of smoke!
There is a stone staircase leading down here.
The +1 spectral club disappears.
Ijyb zaps a wand.
The mass of ice explodes!
The iceblast engulfs you!
Ouch! That really hurt!
You die...

#####...#
####..5.... #.###
######## #.# #....
#.# ####.### #.#
#....# #.# ####.####
#.# #)..5# #.###
#.##.## #.@.#
#.....#
###.########.######
#.g...........#...
###.######...#....##
#.......###.........
#>#####.# #........)
#g# #..##.#.#. #.#
#.. #...## #g####
#.. #....


You could see Ijyb.

Vanquished Creatures
  A worm (D:4)
  A jackal (D:2)
2 creatures vanquished.

Vanquished Creatures (collateral kills)
  A water moccasin (Sewer)
  A black bear (D:5)
  A lemure (D:5)
  Dowan (D:4)
  A hound (D:5)
  A jelly (D:5)
  A river rat (D:5)
  3 adders
  A gnoll (D:1)
  A shadow imp (D:5)
  An ufetubus (D:4)
  5 worms
  A dart slug (D:2)
  8 orcs
  10 endoplasms
  7 giant cockroaches
  5 hobgoblins
  5 jackals
  6 kobolds
  3 quokkas
  8 ball pythons
  5 bats
  9 frilled lizards
  7 goblins
  3 goblin zombies (D:5)
  4 hobgoblin zombies (D:5)
  4 orc skeletons (D:5)
  5 rats
108 creatures vanquished.

Vanquished Creatures (others)
  A centaur (D:5)
  A jelly (D:5)
  An orc (D:5)
  A goblin (D:1)
4 creatures vanquished.

Grand Total: 114 creatures vanquished

Notes
Turn   | Place    | Note
-------+----------+-------------------------------------------
     0 | D:1      | rddays123 the Felid Summoner began the quest for the Orb.
     0 | D:1      | Reached XP level 1. HP: 7/7 MP: 4/4
   183 | D:1      | Reached XP level 2. HP: 11/11 MP: 6/6
   524 | D:1      | Reached XP level 3. HP: 14/14 MP: 7/7
  1338 | D:2      | Found a runed translucent door.
  1339 | D:2      | Noticed Crazy Yiuf
  1391 | D:3      | Found Roezyohu's Assorted Antiques.
  1506 | D:3      | Found Nofeogg's Book Shop.
  1599 | D:3      | Reached XP level 4. HP: 18/18 MP: 7/9
  1652 | D:3      | Learned a level 2 spell: Call Imp
  1656 | D:3      | Learned a level 3 spell: Call Canine Familiar
  1712 | D:3      | Found Urothaaz's Antique Weapon Emporium.
  1724 | D:3      | Found Qepryimp's General Store.
  1755 | D:3      | Bought a scroll of teleportation for 33 gold pieces
  1816 | D:3      | Found Ittaerete's Jewellery Boutique.
  2111 | D:3      | Learned a level 3 spell: Summon Guardian Golem
  2648 | D:4      | Noticed Dowan
  2662 | D:4      | Reached XP level 5. HP: 21/21 MP: 8/10
  2662 | D:4      | Killed Dowan
  2663 | D:4      | Reached skill level 1 in Fighting
  2663 | D:4      | Reached skill level 1 in Hexes
  2664 | D:4      | Noticed Duvessa
  2846 | D:4      | Slain by Duvessa
  2847 | D:4      | Reached XP level 4. HP: -1/19 MP: 9/9
  3145 | D:5      | Entered Level 5 of the Dungeon
  3145 | D:5      | Noticed a centaur
  3145 | D:5      | Found the +7 Spriggan's Knife {stab, EV+4 Stlth+}
  3155 | D:5      | Killed a centaur
  3156 | D:5      | Reached skill level 5 in Summonings
  3156 | D:5      | Reached XP level 5. HP: 22/22 MP: 7/11
  3190 | D:5      | Found a glowing drain.
  3226 | Sewer    | Entered a sewer
  3271 | Sewer    | Noticed a water moccasin
  3288 | Sewer    | Killed a water moccasin
  3289 | Sewer    | Gained mutation: You are covered in thick fur. (AC +2)
                  | [Felid growth]
  3289 | Sewer    | Reached XP level 6. HP: 26/26 MP: 12/12
  3886 | D:5      | Reached skill level 5 in Dodging
  4022 | D:5      | Found a glowing golden altar of the Shining One.
  4147 | D:5      | Noticed Ijyb
  4176 | D:5      | Killed from afar by Ijyb

Illustrated notes

Levels and vault maps discovered:
D:1:      dpeg_arrival_line_fractal, layout_rooms, dk_noncrumbling_3
D:2:      layout_rooms, minmay_pentomino_q2, uniq_crazy_yiuf_cottage
D:3:      layout_basic, serial_shops, nicolae_shop_overgrown_old_shop, shop,
          nicolae_shop_trees, shop, nicolae_shop_temple_entry_statues_fountains,
          minmay_misc_feat_enclosed
D:4:      layout_loops_corners, nicolae_wormholes, uniq_duvessa
D:5:      lemuel_ice_spiral_2, layout_basic, nicolae_tso_besieged_by_evil,
          portal_sewer_entry_b, uniq_pikel, uniq_ijyb

Skill      XL: |  1  2  3  4  5  6 |
---------------+-------------------+-----
Stealth        | 3 |  3.8
Dodging        | 3 4 5 |  5.2
Spellcasting   | 3 |  3.8
Fighting       | 2 |  2.5
Hexes          | 2 3 |  3.8
Summonings     | 5 |  5.4

Action                     |  1- 3 |  4- 6 || total
---------------------------+-------+-------++-------
  Melee: Unarmed           |     2 |     6 ||     8
         Bite              |     1 |     1 ||     2
   Cast: Summon Small Mamm |    73 |    50 ||   123
         Call Imp          |       |    22 ||    22
         Call Canine Famil |       |    16 ||    16
         Summon Guardian G |       |     3 ||     3
    Use: Scroll            |       |     4 ||     4
   Stab: Distracted        |       |     1 ||     1
 Armour: Skin              |     4 |     3 ||     7
  Dodge: Dodged            |    44 |    26 ||    70
